 Dungeon Crawl Stone Soup version 0.31-a0-232-gb1c03b2570 (webtiles) character file.

Game seed: 13047183156632312985

35 qw the Shooter (level 3, -2/30 HPs)
             Began as a Minotaur Hexslinger on July 7, 2023.
             Frozen to death by an endoplasm (3 damage)
             ... on level 1 of the Dungeon.
             The game lasted 00:00:12 (697 turns).

qw the Shooter (Minotaur Hexslinger)                 Turns: 697, Time: 00:00:13

Health: -2/30      AC:  2    Str: 12    XL:     3   Next: 16%
Magic:  3/3        EV: 12    Int: 10    God:
Gold:   40         SH:  0    Dex: 14    Spells: 3/4 levels left

rFire   . . .        a - +1 sling
rCold   . . .        (no shield)
rNeg    . . .        c - +0 robe
rPois   .            (helmet restricted)
rElec   .            (no cloak)
rCorr   .            (no gloves)
SInv    .            (no boots)
Will    .....        (no amulet)
Stlth   +            (no ring)
HPRegen 0.25/turn    (no ring)
MPRegen 0.08/turn

%: no passive effects
@: no status effects
A: horns 2, retaliatory headbutt
a: no special abilities


You were on level 1 of the Dungeon.
You visited 1 branch of the dungeon, and saw 1 of its levels.

You collected 40 gold pieces.


Innate Abilities, Weirdness & Mutations

You have a pair of horns on your head.
You reflexively headbutt those who attack you in melee.


   Skills:
 - Level 2.3 Fighting
 + Level 3.5 Ranged Weapons
 - Level 2.1 Dodging
 - Level 1.0 Spellcasting
 - Level 2.0 Hexes


You had 3 spell levels left.
You knew the following spells:

 Your Spells              Type           Power      Damage    Failure   Level
a - Slow                  Hex            16%        N/A       16%         1

Your spell library contained the following spells:

 Spells                   Type           Power      Damage    Failure   Level
 Inner Flame              Hex/Fire       2%         N/A       56%         3
 Portal Projectile        Hex/Tloc       4%         N/A       56%         3
 Cause Fear               Hex            2%         N/A       83%         4

Inventory:

Hand Weapons
 a - a +1 sling (weapon)
Armour
 c - a +0 robe (worn)
 e - a +0 ring mail
Jewellery
 f - a +4 ring of protection
Scrolls
 b - a scroll of poison
 g - 2 scrolls of teleportation {unknown}
Potions
 d - a potion of degeneration {unknown}

Dungeon Overview and Level Annotations

Branches:
Dungeon (1/15)

Altars:

Shops:
D:1 *


Message History

The sling bullet hits the kobold but does no damage.
The kobold is severely wounded.
You feel very sick.
You hear a shout!
The bat barely misses you.
The kobold hits you with a +0 dagger of venom.
You shoot a sling bullet.
The sling bullet closely misses the kobold.
You feel very sick. The bat closely misses you. You furiously retaliate!
You headbutt the bat!
You kill the bat!
The kobold misses you. The kobold closely misses you.
A kobold comes into view. It is wielding a +0 dagger.
You shoot a sling bullet.
The sling bullet hits the kobold but does no damage.
The kobold is severely wounded.
You feel sick.
The kobold hits you with a +0 dagger of venom.
You shoot a sling bullet. The sling bullet hits the kobold.
You kill the kobold!
You feel sick. The bat barely misses you. The bat hits you.
You shoot a sling bullet. The sling bullet hits the bat.
You kill the bat!
You feel sick. The ball python closely misses you. The ball python misses you.
You shoot a sling bullet. The sling bullet hits the ball python.
You kill the ball python!
You feel sick.
The kobold throws a stone.
The stone hits you but does no damage.
You start resting.
You feel sick.
A kobold is nearby!
You shoot a sling bullet.
The sling bullet closely misses the kobold.
You feel sick.
The kobold throws a stone.
The stone hits you but does no damage.
You shoot a sling bullet. The sling bullet hits the endoplasm.
The endoplasm is heavily wounded.
You feel sick.
You are no longer poisoned.
The endoplasm freezes you.
You are frozen.
You die...

...#............
.#####...........#
...............#.#
########........#.#
#...............+.#
#.#..K#######.....###
#..S..........####...
##J#######.# #...
+@.......#.# #.>.
#..##....#.#######
+........#.#......
##....##.#.#.#####
............#.#
..........###.#
....####### #####
..... ~~ ¤~~### ...
~~¤¤¤~~~#


You could see an endoplasm and a kobold.

Vanquished Creatures
  A gnoll (D:1)
  2 dart slugs (D:1)
  2 ball pythons (D:1)
  5 bats (D:1)
  2 giant cockroaches (D:1)
  2 goblins (D:1)
  2 hobgoblins (D:1)
  A kobold (D:1)
  A quokka (D:1)
  A frilled lizard (D:1)
  A rat (D:1)
20 creatures vanquished.

Notes
Turn   | Place    | Note
-------+----------+-------------------------------------------
     0 | D:1      | qw the Minotaur Hexslinger began the quest for the Orb.
     0 | D:1      | Reached XP level 1. HP: 16/16 MP: 1/1
     0 | D:1      | 0 ||| qw: Version: 0.3-a-46-gb1f654a
     0 | D:1      | 0 ||| qw: Game counter: 2863
     0 | D:1      | 0 ||| qw: Melee chars always use a shield: true
     0 | D:1      | 0 ||| qw: God list: Okawaru
     0 | D:1      | 0 ||| qw: Allow faded altars: false
     0 | D:1      | 0 ||| qw: Do Orc after clearing Dungeon:15 true
     0 | D:1      | 0 ||| qw: Do second Lair branch before Depths: true
     0 | D:1      | 0 ||| qw: Lair rune preference: random
     0 | D:1      | 0 ||| qw: Goals: Normal
     0 | D:1      | 0 ||| PLANNING D:1-11
     9 | D:1      | Found Qimouz's Assorted Antiques.
    17 | D:1      | 17 ||| SHOPLISTING glowing robe (85 gold, have 0).
    17 | D:1      | 17 ||| SHOPLISTING glowing yellow potion (20 gold, have 0).
    17 | D:1      | 17 ||| SHOPLISTING leather armour (46 gold, have 0).
    17 | D:1      | 17 ||| SHOPLISTING scroll labelled HAONOMNOAKA (23 gold,
                  | have 0).
    17 | D:1      | 17 ||| SHOPLISTING scroll labelled HECADA CAACE (23 gold,
                  | have 0).
   163 | D:1      | Reached skill level 3 in Ranged Weapons
   177 | D:1      | Reached XP level 2. HP: 23/23 MP: 2/2
   509 | D:1      | 509 ||| FLEEEEING.
   510 | D:1      | 510 ||| FLEEEEING.
   565 | D:1      | Reached XP level 3. HP: 30/30 MP: 3/3
   686 | D:1      | 686 ||| Stepping ~*~*~tactically~*~*~ (outnumbered).
   692 | D:1      | HP: 7/30 [poisoned by a kobold]
   695 | D:1      | HP: 3/30 [poisoned by a kobold]
   697 | D:1      | HP: 1/30 [poisoned by a kobold]
   697 | D:1      | Frozen to death by an endoplasm

Levels and vault maps discovered:
D:1:      lightli_molten_gateway, layout_basic, serial_shops, shop

Skill      XL: |  1  2 |
---------------+-------+-----
Ranged Weapons | 3 |  3.5
Fighting       | 2 |  2.3
Dodging        | |  2.1
Spellcasting   | |  1.0
Hexes          | |  2.0

Action                     || total
---------------------------++-------
   Fire: Sling             ||    52
 Armour: Robe              ||     7
  Dodge: Dodged            ||    13

Table legend:
 A = Non-vault XP
 B = Vault XP
 C = Vault XP percentage of total XP
 D = Non-vault monster count
 E = Vault monster count
 F = Vault count percentage of total count
                 A         B        C        D         E       F
            +---------+---------+-------+---------+---------+-------
      Total |      50 |       0 |   0.0 |      20 |       0 |   0.0
            +---------+---------+-------+---------+---------+-------
        D:1 |      50 |       0 |   0.0 |      20 |       0 |   0.0
            +---------+---------+-------+---------+---------+-------
